 Dungeon Crawl Stone Soup version 0.31.0-9-g3a7656b989 (webtiles) character file.

Game seed: 2323432155735702438

260 qw the Skirmisher (level 5, 0/29 HPs)
             Began as a Deep Elf Hunter on Feb 2, 2024.
             Incinerated by a bombardier beetle (5 damage)
             ... with a burning spray
             ... on level 5 of the Dungeon.
             The game lasted 00:00:11 (3277 turns).

qw the Skirmisher (Deep Elf Hunter)                 Turns: 3277, Time: 00:00:12

Health: 0/29       AC:  6    Str: 10    XL:     5   Next: 95%
Magic:  7/7        EV: 12    Int: 14    God:
Gold:   156        SH:  0    Dex: 24    Spells: 4/4 levels left

rFire   . . .        a - +0 shortbow (flame)
rCold   . . .        (shield currently unavailable)
rNeg    . . .        f - +0 ring mail
rPois   .            (no helmet)
rElec   .            (no cloak)
rCorr   .            (no gloves)
SInv    .            d - +0 pair of boots
Will    .....        k - amulet of regeneration
Stlth   +            b - +6 ring of dexterity
HPRegen 1.04/turn    (no ring)
MPRegen 0.10/turn

%: no passive effects
@: on fire, about to teleport, glowing
A: no striking features
a: no special abilities


You were on level 5 of the Dungeon.
You visited 1 branch of the dungeon, and saw 5 of its levels.

You collected 156 gold pieces.


   Skills:
 + Level 1.5 Fighting
 - Level 9.2 Ranged Weapons
 - Level 3.3 Dodging
 - Level 1.2 Stealth


You had 4 spell levels left.
You didn't know any spells.
Your spell library was empty.

Inventory:

Hand Weapons
 a - a +0 shortbow of flaming (weapon)
Armour
 d - a +0 pair of boots (worn)
 f - a +0 ring mail (worn)
Jewellery
 b - a +6 ring of dexterity (left hand)
 j - a ring of ice
 k - an amulet of regeneration (around neck)
Scrolls
 m - a scroll of teleportation
Potions
 g - 3 potions of resistance
 h - a potion of heal wounds
 i - a potion of might
 l - a potion of enlightenment {unknown}
 n - 2 potions of curing

Dungeon Overview and Level Annotations

Branches:
Dungeon (5/15)
 Temple: D:4-7

Altars:
Ashenzari
Fedhas
Makhleb
Qazlal


Message History

You shoot an arrow. The arrow misses the phantom.
The phantom hits you.
An adder comes into view.
3270 ||| RETREEEEATING.
The phantom hits you but does no damage.
The bombardier beetle sprays incendiary fluid at you.
The burning spray hits you.
You are covered in liquid fire!
3271 ||| RETREEEEATING.
You shake off some of the fire as you move.
The liquid fire burns you!
3272 ||| RETREEEEATING.
You shake off some of the fire as you move.
The liquid fire burns you! The phantom barely misses you.
The bombardier beetle sprays incendiary fluid at you.
The burning spray hits you.
You are even more covered in liquid fire!
3273 ||| RETREEEEATING.
You shake off some of the fire as you move.
The liquid fire burns you!
You shoot an arrow. The arrow hits the phantom.
The arrow burns the phantom.
You destroy the phantom!
The liquid fire burns you!
Your Ranged Weapons skill increases to level 9!
You shoot an arrow.
The arrow hits the orc but does no damage.
The liquid fire burns you! The orc hits you but does no damage.
The jackal bites you but does no damage.
You shoot an arrow. The arrow hits the jackal.
The arrow burns the jackal.
The jackal is moderately wounded.
The liquid fire burns you! The orc hits you with a +0 club.
The jackal bites you. The orc hits you with a +0 club.
3277 ||| READING 2 scrolls of teleportation.
As you read the scroll of teleportation, it crumbles to dust.
You feel strangely unstable. The liquid fire burns you!
You die...

.####.....
........ ......
#####....
##...#..?.
##........#
.##.......#.#
..........#@##.##
#......hoh....#
#......o.o#.#.#
#....B......._
#...>.$...#.#.#
#........###....
##.......# .....
##....#..# ....
#<.##...## ..


You could see a bombardier beetle, 3 orcs and 2 jackals.

Vanquished Creatures
  A phantom (D:5)
  A bombardier beetle (D:4)
  An orc priest (D:4)
  An iguana (D:4)
  2 adders
  A ribbon worm (D:2)
  4 dart slugs
  6 orcs
  7 ball pythons
  A bat (D:1)
  8 endoplasms
  3 giant cockroaches
  5 goblins
  11 hobgoblins
  A jackal (D:2)
  2 quokkas
  3 kobolds
  2 rats (D:2)
60 creatures vanquished.

Notes
Turn   | Place    | Note
-------+----------+-------------------------------------------
     0 | D:1      | qw the Deep Elf Hunter began the quest for the Orb.
     0 | D:1      | Reached XP level 1. HP: 12/12 MP: 3/3
     0 | D:1      | 0 ||| qw: Version: 0.3-a-155-g5e7d8dd
     0 | D:1      | 0 ||| qw: Game counter: 1913
     0 | D:1      | 0 ||| qw: Melee chars always use a shield: true
     0 | D:1      | 0 ||| qw: God list: Okawaru
     0 | D:1      | 0 ||| qw: Allow faded altars: false
     0 | D:1      | 0 ||| qw: Do Orc after clearing Dungeon:15 true
     0 | D:1      | 0 ||| qw: Do second Lair branch before Depths: true
     0 | D:1      | 0 ||| qw: Lair rune preference: random
     0 | D:1      | 0 ||| qw: Goals: Normal
     0 | D:1      | 0 ||| PLANNING D:1-11
   196 | D:1      | Reached XP level 2. HP: 16/16 MP: 4/4
   225 | D:1      | Reached skill level 6 in Ranged Weapons
   802 | D:1      | 802 ||| UPGRADING to +0 ring mail.
   812 | D:1      | 812 ||| DROPPING +0 leather armour.
   813 | D:1      | 813 ||| READING scroll labelled SAALEOPT ITSADU.
   814 | D:1      | 814 ||| READING scroll labelled JUW POAGELYOX.
   814 | D:1      | 814 ||| BRANDING +0 shortbow.
   815 | D:1      | 815 ||| DRINKING 2 fizzy inky potions.
   816 | D:1      | 816 ||| DROPPING scroll of butterflies.
   926 | D:2      | Reached XP level 3. HP: 20/20 MP: 5/5
  1459 | D:2      | Reached skill level 7 in Ranged Weapons
  1611 | D:2      | 1611 ||| UPGRADING to +0 pair of boots.
  1616 | D:2      | 1616 ||| UPGRADING to amulet of the acrobat.
  1621 | D:2      | 1621 ||| UPGRADING to +6 ring of dexterity.
  1622 | D:2      | 1622 ||| READING scroll labelled PAUTERAONU.
  1623 | D:2      | 1623 ||| DRINKING 2 bubbling black potions.
  1723 | D:3      | Found a broken altar of Ashenzari.
  2101 | D:3      | Found a blossoming altar of Fedhas.
  2600 | D:3      | 2600 ||| DROPPING amulet of magic regeneration.
  2601 | D:3      | 2601 ||| READING 2 scrolls labelled NOOZXU IXTARHO.
  2606 | D:3      | 2606 ||| DRINKING 2 golden potions.
  2607 | D:3      | 2607 ||| DRINKING dark potion.
  2608 | D:3      | 2608 ||| DROPPING potion of ambrosia.
  2653 | D:4      | Reached XP level 4. HP: 25/25 MP: 6/6
  2705 | D:4      | Reached skill level 8 in Ranged Weapons
  2836 | D:4      | Reached skill level 3 in Dodging
  2836 | D:4      | Reached XP level 5. HP: 29/29 MP: 7/7
  2839 | D:4      | Found a stormy altar of Qazlal.
  3196 | D:4      | 3196 ||| UPGRADING to amulet of regeneration.
  3206 | D:4      | 3206 ||| DROPPING amulet of the acrobat.
  3207 | D:4      | 3207 ||| READING scroll labelled ZEOMEDO HISIDI.
  3208 | D:4      | 3208 ||| DRINKING 2 viscous emerald potions.
  3210 | D:4      | 3210 ||| Stepping ~*~*~tactically~*~*~ (cloud).
  3226 | D:4      | 3226 ||| Stepping ~*~*~tactically~*~*~ (cloud).
  3262 | D:5      | Entered Level 5 of the Dungeon
  3262 | D:5      | Noticed a phantom
  3266 | D:5      | 3266 ||| STAIRDANCE
  3266 | D:5      | Found a burning altar of Makhleb.
  3267 | D:5      | 3267 ||| RETREEEEATING.
  3270 | D:5      | 3270 ||| RETREEEEATING.
  3271 | D:5      | 3271 ||| RETREEEEATING.
  3272 | D:5      | 3272 ||| RETREEEEATING.
  3273 | D:5      | 3273 ||| RETREEEEATING.
  3274 | D:5      | Killed a phantom
  3275 | D:5      | Reached skill level 9 in Ranged Weapons
  3276 | D:5      | HP: 6/29 [jackal (2)]
  3277 | D:5      | 3277 ||| READING 2 scrolls of teleportation.
  3277 | D:5      | Incinerated by a bombardier beetle

Levels and vault maps discovered:
D:1:      roderic_crop_circles_arrival_small, layout_basic, hex_intersection
D:2:      wad_river_or_something, layout_basic, minmay_misc_feat_iff
D:3:      layout_basic, mainiacjoe_overflow_tiny_flanked,
          mainiacjoe_overflow_boulevard
D:4:      layout_basic, nicolae_qazlal_general_emergency
D:5:      layout_rooms, lemuel_crystal_altar, minmay_temple_entry_trees,
          serial_shops, shop

Skill      XL: |  1  2  3  4  5 |
---------------+----------------+-----
Ranged Weapons | 6 7 8 9 |  9.2
Dodging        | 3 |  3.3
Fighting       | |  1.5
Stealth        | |  1.2

Action                     |  1- 3 |  4- 6 || total
---------------------------+-------+-------++-------
   Fire: Shortbow          |   108 |    46 ||   154
    Use: Scroll            |     4 |     2 ||     6
         Potion            |     4 |     1 ||     5
 Armour: Ring mail         |     7 |    10 ||    17
  Dodge: Dodged            |    14 |     1 ||    15

Table legend:
 A = Non-vault XP
 B = Vault XP
 C = Vault XP percentage of total XP
 D = Non-vault monster count
 E = Vault monster count
 F = Vault count percentage of total count
                 A         B        C        D         E       F
            +---------+---------+-------+---------+---------+-------
      Total |     354 |      18 |   4.8 |      51 |       9 |  15.0
            +---------+---------+-------+---------+---------+-------
        D:1 |      39 |       0 |   0.0 |      17 |       0 |   0.0
        D:2 |      10 |      18 |  64.3 |       5 |       9 |  64.3
        D:3 |      27 |       0 |   0.0 |       8 |       0 |   0.0
        D:4 |     170 |       0 |   0.0 |      19 |       0 |   0.0
        D:5 |     108 |       0 |   0.0 |       2 |       0 |   0.0
            +---------+---------+-------+---------+---------+-------
